[Event "*** Qualifier 2: Titled Tuesday 3|2 Blitz"]
[Site "Chess.com"]
[Date "2017.04.11"]
[Round "4"]
[White "Wolverine_master"]
[Black "aa175"]
[Result "0-1"]
[WhiteElo "1978"]
[BlackElo "1869"]
[TimeControl "180+2"]
[EndTime "13:50:19 PDT"]
[Termination "aa175 won by checkmate"]

1. e4 e5 2. Nf3 Nc6 3. d4 exd4 4.
Bc4 Bb4+ 5. c3 dxc3 6. bxc3 Bc5 7. Ng5 Ne5 8. Bxf7+ Nxf7 9. Nxf7 Bxf2+ 10. Kxf2 Qf6+ 11. Kg3 Qg6+ 12. Ng5 h6 13. Rf1 Nf6 14. e5 Ne4+ 15. Kf3 O-O+ 16. Ke2 Qa6+ 17. Ke3 Qxf1 18. Qd5+ Kh8 19.
Nxe4 Qxc1+ 20. Ned2 Qe1+ 21. Kd3 d6 22. exd6 Bf5+ 23. Kd4 Qf2+ 24. Kc4 b5+ 25. Kb3 Rae8 26. Kb4 c5+ 27. Qxc5 a5+ 28. Kxb5 Rb8+ 29. Kc6 Rbc8+ 30. Kb5 Qxc5+ 31. Ka4 Bc2+ 32. Nb3 Bxb3+ 33. axb3 Qxd6 34. Na3 Rxc3 35. Nb5 Qb4# 0-1

[Event "*** Qualifier 2: Titled Tuesday 3|2 Blitz"]
[Site "Chess.com"]
[Date "2017.04.11"]
[Round "4"]
[White "maciek_92"]
[Black "FairChess_on_YouTube"]
[Result "1-0"]
[WhiteElo "2523"]
[BlackElo "2692"]
[TimeControl "180+2"]
[EndTime "13:50:22 PDT"]
[Termination "maciek_92 won by resignation"]

1. c4 e5 2. Nc3 Nc6 3. g3 f5 4.
Bg2 Nf6 5. d3 Bb4 6. Bd2 O-O 7.
e3 d6 8. Nge2 Kh8 9. O-O Be6 10.
Rc1 Bxc3 11. Bxc3 Qe8 12. b3 Qh5 13. f3 d5 14. d4 e4 15. Nf4 Qe8 16. fxe4 fxe4 17.
Nxe6 Qxe6 18. Qe2 Rfe8 19. Rf4 Ne7 20. Rcf1 c6 21. a4 a6 22. Ba5 Rac8 23. Bb4 Rc7 24.
a5 Rg8 25. h4 Rd8 26. Kh2 Neg8 27. Bh3 Qe8 28. g4 dxc4 29. bxc4 c5 30. Bc3 cxd4 31. Bxd4 Qa4 32. g5 Rxd4 33. exd4 Nd5 34. Rf8 Ne7 35. Be6 Qc6 36. d5 Qd6+ 37. Kg2 Qe5 38. Rxg8+ Nxg8 39. Rf8 1-0

[Event "*** Qualifier 2: Titled Tuesday 3|2 Blitz"]
[Site "Chess.com"]
[Date "2017.04.11"]
[Round "4"]
[White "Keranke"]
[Black "donotreadit"]
[Result "0-1"]
[WhiteElo "2649"]
[BlackElo "2531"]
[TimeControl "180+2"]
[EndTime "13:50:24 PDT"]
[Termination "donotreadit won by resignation"]

1. d4 d6 2. Bf4 g6 3. Nf3 Bg7 4.
e3 Nf6 5. h3 O-O 6. Nbd2 c5 7.
Be2 b6 8. c3 Bb7 9. O-O a6 10. a4 Nbd7 11. Bh2 Qc7 12. Qb3 Rac8 13. Qa3 Qb8 14. Rfc1 Qa8 15. Ne1 Ne4 16. Nxe4 Bxe4 17. Bf3 Bxf3 18. Nxf3 Nf6 19. a5 b5 20. c4 bxc4 21. Rxc4 cxd4 22. Rxc8 Rxc8 23. Nxd4 Ne4 24. Qd3 Nc5 25. Qe2 Qe4 26. Rd1 Rb8 27. Bg3 Qb7 28.
b4 Nd7 29. Rb1 Bxd4 30. exd4 Nf6 31. Bf4 Qe4 32. Qxe4 Nxe4 33. Re1 Nc3 34. Rxe7 Nd5 35. Bxd6 Rd8 36. b5 axb5 37. a6 Nxe7 38. Bxe7 Ra8 39. d5 Rxa6 40. d6 Ra1+ 41. Kh2 Rd1 42. Kg3 b4 43.
Kf3 b3 44. Ke2 Rxd6 0-1

[Event "*** Qualifier 2: Titled Tuesday 3|2 Blitz"]
[Site "Chess.com"]
[Date "2017.04.11"]
[Round "4"]
[White "jefferyx"]
[Black "Feegus"]
[Result "1-0"]
[WhiteElo "2628"]
[BlackElo "2381"]
[TimeControl "180+2"]
[EndTime "13:50:26 PDT"]
[Termination "jefferyx won by resignation"]

1. d4 Nf6 2. c4 c5 3. d5 b5 4. cxb5 a6 5. bxa6 g6 6. Nc3 Bxa6 7. e4 Bxf1 8. Kxf1 d6 9. Nf3 Nbd7 10. g3 Bg7 11. Kg2 O-O 12. a4 Ra6 13. Ra3 Qa8 14. Re1 Ng4 15. Nd2 Nge5 16. Qe2 c4 17. Nxc4 Nxc4 18. Qxc4 Rc8 19. Qb5 Bxc3 20. Rxc3 Rxc3 21. bxc3 Nc5 22. Bh6 Ra5 23. Qb6 Ra6 24. Qb5 Ra5 25. Qc6 Ra6 26. Qxa8+ Rxa8 27. e5 Nd3 28. Rb1 Nxe5 29.
Rb7 Ng4 30. Bf4 Kf8 31. h3 Nf6 32. Bg5 Rxa4 33. Bxf6 exf6 34. Rc7 f5 35. c4 Ra3 36. Rd7 Rc3 37. Rc7 Kg7 38. h4 Kf6 39. Kf1 h5 40.
Ke2 Ke5 41. Re7+ Kd4 42. Rxf7 Rc2+ 43. Kf3 Rxc4 44. Rf6 Ke5 45. Re6+ Kxd5 46. Rxg6 Ke5 47. Rg5 Rc3+ 48. Kg2 d5 49. Rxh5 Ke4 50. Rh8 d4 51. h5 d3 52. h6 d2 53. h7 d1=Q 54. Re8+ 1-0

[Event "*** Qualifier 2: Titled Tuesday 3|2 Blitz"]
[Site "Chess.com"]
[Date "2017.04.11"]
[Round "4"]
[White "abubakrtagelsir"]
[Black "stepanosinovsky"]
[Result "0-1"]
[WhiteElo "2139"]
[BlackElo "2200"]
[TimeControl "180+2"]
[EndTime "13:50:29 PDT"]
[Termination "stepanosinovsky won on time"]

1. e4 e5 2. Nf3 Nc6 3. d4 d6 4. dxe5 Nxe5 5. Nc3 Bg4 6. Bf4 c6 7. Bxe5 Bxf3 8. Qxf3 dxe5 9. Bc4 Nf6 10. O-O Qb6 11.
Bb3 Qc7 12. Ne2 Bc5 13. Ng3 O-O-O 14. a4 Kb8 15. a5 h5 16. Nf5 g6 17. Ne3 Ng4 18.
Nxg4 hxg4 19. Qxg4 Rh5 20. Rad1 Rdh8 21. h3 Rh4 22. Qd7 Qxa5 23. Qxf7 Rf8 24. Qg7 Rxe4 0-1

[Event "*** Qualifier 2: Titled Tuesday 3|2 Blitz"]
[Site "Chess.com"]
[Date "2017.04.11"]
[Round "4"]
[White "GamayevOleg"]
[Black "FearNoEvil12"]
[Result "1/2-1/2"]
[WhiteElo "2388"]
[BlackElo "2083"]
[TimeControl "180+2"]
[EndTime "13:50:30 PDT"]
[Termination "Game drawn by stalemate"]

1. d3 b5 2. Nf3 Bb7 3. e4 a6 4. c3 e6 5. a4 Nf6 6. axb5 axb5 7.
Rxa8 Bxa8 8. Qb3 b4 9. Be2 bxc3 10. bxc3 Nc6 11. Qc2 d6 12. O-O Be7 13. Nbd2 O-O 14. Nc4 d5 15. exd5 exd5 16. Nce5 Nxe5 17. Nxe5 Bd6 18.
Nf3 h6 19. Qa4 c5 20. Re1 Qc7 21. Bf1 Bc6 22. Qc2 Re8 23. Rxe8+ Bxe8 24. h3 Bc6 25. Be2 Bf4 26. Bxf4 Qxf4 27. d4 cxd4 28. cxd4 Bd7 29.
Qd2 Qxd2 30. Nxd2 Ne4 31. Nf1 Kf8 32. h4 Ke7 33. Bd3 Kd6 34. Bxe4 dxe4 35. Ne3 Be6 36. g3 f5 37. Kf1 g5 38. hxg5 hxg5 39. Ke1 f4 40. gxf4 gxf4 41. Ng2 e3 42. Nxf4 exf2+ 43. Kxf2 Bf7 44. Ke3 Kc6 45. Ke4 Kd6 46. Kf5 Bc4 47. Ke4 Bb3 48. Ne2 Bd5+ 49. Ke3 Bg8 50. Nc3 Kc6 51.
Ke4 Kd6 52. Ne2 Bd5+ 53. Ke3 Bg8 54. Ng3 Be6 55. Ne4+ Kd5 56. Nf2 Kd6 57. Nd3 Bg8 58. Nf4 Bf7 59. Nh3 Be6 60. Ng5 Bd5 61. Kf4 Bc4 62. Ne4+ Kd5 63. Ke3 Ba6 64. Nc5 Bc8 65. Nd3 Kd6 66. Nf4 Bd7 67. Ne2 Be8 68. Nc3 Bf7 69.
Ke4 Bg6+ 70. Kf4 Bf7 71. Kf5 Bc4 72. Ke4 Bf7 73. Nb5+ Kc6 74. Na7+ Kd6 75. Nc8+ Kd7 76. Nb6+ Kd6 77. Na4 Bd5+ 78. Kf4 Bg8 79. Nc3 Be6 80. Ne4+ Kd5 81. Ke3 Bc8 82. Nc5 Kd6 83. Ke4 Bh3 84. Nd3 Bf5+ 85. Ke3 Bxd3 86. Kxd3 Kd5 87. Ke3 Kd6 88.
Ke4 Ke6 89. d5+ Kd6 90. Kd4 Kd7 91. Ke5 Ke7 92. d6+ Kd7 93. Kd5 Kd8 94. Kc6 Kc8 95. Kc5 Kd7 96. Kd5 Kd8 97. Ke5 Kd7 98. Kd5 Kd8 99.
Ke6 Ke8 100. d7+ Kd8 101. Kd6 1/2-1/2

[Event "*** Qualifier 2: Titled Tuesday 3|2 Blitz"]
[Site "Chess.com"]
[Date "2017.04.11"]
[Round "4"]
[White "ShimanovAlex"]
[Black "Lector118"]
[Result "1-0"]
[WhiteElo "2620"]
[BlackElo "2416"]
[TimeControl "180+2"]
[EndTime "13:50:31 PDT"]
[Termination "ShimanovAlex won by resignation"]

1. d4 d5 2. Bf4 Nf6 3. e3 e6 4. Nd2 Bd6 5. Bg3 O-O 6. Ngf3 c5 7.
c3 Nc6 8. Bd3 Qe7 9. Ne5 Bxe5 10. dxe5 Nd7 11. f4 c4 12. Bc2 Nc5 13. Qh5 f5 14.
exf6 gxf6 15. O-O Bd7 16. e4 dxe4 17. Nxe4 Nxe4 18. Bxe4 f5 19. Bc2 Qf7 20. Qe2 b5 21. Rad1 Rad8 22. Bh4 Ne7 23. Rfe1 Rfe8 24. Bf2 a6 25.
Bb6 Ng6 26. Bxd8 Rxd8 27. Qd2 Nf8 28. Re3 Qf6 29. Rg3+ Kh8 30. Qd6 Rc8 31. Qxa6 Re8 32. Qd6 Re7 33. Qd4 Qxd4+ 34. Rxd4 Ng6 35. Re3 Kg7 36. g3 Kf6 37. Rd6 Bc8 38. Bd1 Bb7 39. Bf3 Bxf3 40. Rxf3 Nf8 41. Re3 Rb7 42. a3 Ke7 43.
Ra6 Kf6 44. Kf2 Rd7 45. Ke2 Rb7 46. Re5 h5 47. h4 Rg7 48. Kf2 Rb7 49. Kf3 Rb8 50.
Ra5 Rd8 51. Ke2 Rd3 52. Re3 Rd5 53. a4 Nd7 54. Rxb5 Nc5 55. a5 1-0

[Event "*** Qualifier 2: Titled Tuesday 3|2 Blitz"]
[Site "Chess.com"]
[Date "2017.04.11"]
[Round "4"]
[White "joppie2"]
[Black "sergiochess83"]
[Result "0-1"]
[WhiteElo "2541"]
[BlackElo "2598"]
[TimeControl "180+2"]
[EndTime "13:50:31 PDT"]
[Termination "sergiochess83 won by resignation"]

1. e4 e5 2. Nf3 Nc6 3. d4 exd4 4.
Nxd4 Bb4+ 5. Nc3 Nge7 6. Be3 O-O 7. Bd3 Nxd4 8. Bxd4 c5 9. Be3 d5 10. a3 d4 11.
axb4 dxe3 12. bxc5 exf2+ 13. Kxf2 Qd4+ 14. Ke1 Qxc5 15. Qd2 Be6 16. Kd1 Rfd8 17. Kc1 Nc6 18. Re1 h6 19. Qe3 Qe5 20. g3 Rac8 21. Qf4 Qc5 22. Kb1 Ne5 23. Qe3 Qb4 24. Ra4 Qd6 25. Rxa7 Bc4 26. Nd5 Nxd3 27. cxd3 Bxd5 28. exd5 Qxd5 29. Ra3 Rc6 30. Qe4 Qb5 31. Qe5 Rc5 32. Qe3 Rcd5 33. Rd1 Qb4 34. Qd2 Qg4 35. Qc2 b5 36. Rb3 b4 37. Rc1 Rd4 38. Qd2 Qf5 39. Rd1 Qb5 40. Qc2 Qa4 41. Rc3 bxc3 42. Qxa4 Rxa4 43. bxc3 Rb8+ 0-1

[Event "*** Qualifier 2: Titled Tuesday 3|2 Blitz"]
[Site "Chess.com"]
[Date "2017.04.11"]
[Round "4"]
[White "alturas_pacificas"]
[Black "Ilja_Semjonovs"]
[Result "1-0"]
[WhiteElo "2138"]
[BlackElo "2170"]
[TimeControl "180+2"]
[EndTime "13:50:33 PDT"]
[Termination "alturas_pacificas won by checkmate"]

1. d4 Nf6 2. Bf4 c5 3. d5 e6 4. Nc3 b5 5. dxe6 fxe6 6. Nxb5 Qa5+ 7.
Nc3 d5 8. Bd2 Qc7 9. e3 Nc6 10.
Nf3 a6 11. Be2 Bd7 12. O-O Bd6 13. h3 O-O 14. b3 Kh8 15. Na4 e5 16. c4 d4 17. exd4 cxd4 18. c5 Be7 19. Bg5 Bf5 20.
Nb6 d3 21. Nxa8 Rxa8 22. Bxd3 Rd8 23. Bxf5 Rxd1 24. Rfxd1 g6 25. Be6 Nd8 26. Bc4 Qxc5 27. Bxf6+ Bxf6 28. Rd5 Qc7 29. Rad1 Nc6 30. Rd7 Qb6 31.
Rf7 e4 32. Rxf6 exf3 33. Rd7 Qb4 34. Rxc6 Qe1+ 35. Kh2 Qe5+ 36. g3 Qe8 37. Rcc7 Qe1 38. Rxh7# 1-0

[Event "*** Qualifier 2: Titled Tuesday 3|2 Blitz"]
[Site "Chess.com"]
[Date "2017.04.11"]
[Round "4"]
[White "GMMarcinDziuba"]
[Black "platy3"]
[Result "0-1"]
[WhiteElo "2533"]
[BlackElo "2646"]
[TimeControl "180+2"]
[EndTime "13:50:40 PDT"]
[Termination "platy3 won by resignation"]

1. d4 Nf6 2. c4 e6 3. Nf3 d5 4. g3 dxc4 5. Bg2 Bb4+ 6. Bd2 a5 7.
Qc2 Bxd2+ 8. Qxd2 c6 9. a4 b5 10. axb5 cxb5 11. Qg5 O-O 12. Qxb5 Ba6 13. Qxa5 Bb7 14.
Qxd8 Rxa1 15. Qxf8+ Kxf8 16. O-O Ra2 17. Rc1 Bd5 18.
Nfd2 Nc6 19. e3 Rxb2 20. Nxc4 Nxd4 21. exd4 Bxc4 22. Rxc4 Rxb1+ 23. Bf1 Ne4 24. Kg2 Rb2 25. Rc8+ Ke7 26. Rc7+ Kf6 27. Bd3 Nxf2 28. Bxh7 Ng4+ 29. Kg1 g6 30. h4 Rb1+ 31. Kg2 Ne3+ 32. Kf3 Nd5 33.
Ra7 Rb3+ 34. Kg2 Kg7 35. h5 Kxh7 36. Rxf7+ Kh6 37. hxg6 Kxg6 38. Rf8 Rd3 39. Rg8+ Kf7 40. Rg4 Ne3+ 0-1

[Event "*** Qualifier 2: Titled Tuesday 3|2 Blitz"]
[Site "Chess.com"]
[Date "2017.04.11"]
[Round "4"]
[White "amaidel"]
[Black "MartinMatthiesen"]
[Result "1-0"]
[WhiteElo "2453"]
[BlackElo "2249"]
[TimeControl "180+2"]
[EndTime "13:50:42 PDT"]
[Termination "amaidel won by resignation"]

1. e4 e5 2. Nf3 Nc6 3. Nc3 Nf6 4.
g3 d5 5. exd5 Nxd5 6. Bg2 Nxc3 7. bxc3 Bd6 8. O-O O-O 9. Re1 Bg4 10. Rb1 Rb8 11. d3 Re8 12. h3 Bh5 13. g4 Bg6 14.
Ng5 Qd7 15. Qf3 h6 16. Ne4 f5 17. gxf5 Bxf5 18. Bxh6 Rf8 19. Qg3 Rbe8 20. Nxd6 cxd6 21. Rxb7 Qxb7 22. Bxc6 Qf7 23. Bxe8 Rxe8 24. c4 Re6 25. Bg5 e4 26. d4 Re8 27. c5 dxc5 28. dxc5 Rc8 29.
Rd1 Qh5 30. Rd5 Qxh3 31. Qxh3 Bxh3 32. Be3 Bg4 33. Kh2 Bf3 34. Kg3 Rc7 35. Rd6 Kf7 36.
c6 Be2 37. a4 Ke7 38. Rg6 Kf7 39. Rd6 Ke7 40. Bc5 Ke8 41. Re6+ Kd8 42. Rxe4 Rxc6 43. Be7+ 1-0

[Event "*** Qualifier 2: Titled Tuesday 3|2 Blitz"]
[Site "Chess.com"]
[Date "2017.04.11"]
[Round "4"]
[White "PelinGorki"]
[Black "kleinebeer98"]
[Result "1-0"]
[WhiteElo "2380"]
[BlackElo "2472"]
[TimeControl "180+2"]
[EndTime "13:50:44 PDT"]
[Termination "PelinGorki won by resignation"]

1. e4 e5 2. Nc3 Nc6 3. Bc4 Nf6 4. d3 h6 5. f4 d6 6. Nf3 Be6 7. O-O Qd7 8. f5 Bxc4 9. dxc4 O-O-O 10. a3 g5 11. b4 g4 12. Nd2 Nd4 13. Nb3 Bg7 14. Be3 c5 15. bxc5 dxc5 16. Nxc5 Qc6 17. Nd3 Nxe4 18. Qxg4 Nf6 19. Qxg7 Rhg8 20. Nxe5 Rxg7 21.
Nxc6 bxc6 22. Rad1 Nxc2 23. Rxd8+ Kxd8 24. Bxa7 Ng4 25. a4 Nge3 26. Rf2 f6 27. Bb6+ Kc8 28. a5 Rd7 29.
Re2 Rd3 30. Na4 Nd4 31. Bxd4 Rd1+ 32. Kf2 Ng4+ 33. Kg3 Rxd4 34. Re8+ Kd7 35. Rg8 Ne3 36. a6 Nxf5+ 37. Kf3 Nh4+ 38. Kf2 Rxc4 39. Nb6+ 1-0

[Event "*** Qualifier 2: Titled Tuesday 3|2 Blitz"]
[Site "Chess.com"]
[Date "2017.04.11"]
[Round "4"]
[White "proxy6"]
[Black "Winehouse83"]
[Result "0-1"]
[WhiteElo "2225"]
[BlackElo "2323"]
[TimeControl "180+2"]
[EndTime "13:50:49 PDT"]
[Termination "Winehouse83 won by resignation"]

1. e4 e5 2. Nf3 Nc6 3. Bb5 a6 4.
Ba4 Nf6 5. O-O b5 6. Bb3 Bc5 7. Nc3 O-O 8. d3 h6 9. Nd5 d6 10. c3 Bg4 11. h3 Bd7 12. Re1 Rb8 13. Be3 Bxe3 14. Rxe3 Nxd5 15. Bxd5 Ne7 16. Bb3 Ng6 17.
d4 Qe7 18. Qd2 Rfd8 19. Rd1 Bc6 20. d5 Bd7 21. Nh2 Qf6 22. Rg3 Qf4 23. Qe2 Kh7 24. Rf3 Qg5 25. Rg3 Nf4 26. Qf3 Qf6 27. Ng4 Bxg4 28. hxg4 g5 29. Qe3 Kg7 30. Rf3 Qe7 31.
g3 Ng6 32. Kg2 Rh8 33. Rh1 Qd7 34. Qe2 Rh7 35. Rd3 Rbh8 36. Rdd1 Ne7 37. Bc2 Ng8 38. f4 exf4 39. gxf4 gxf4 40. e5 dxe5 41. Bxh7 Rxh7 42. Qxe5+ Kf8 43. Kf3 Rg7 44. Qxf4 Rg6 45. Rh4 Rf6 46. Qxf6 Nxf6 47. Rxh6 Qxg4+ 48. Ke3 Qg5+ 0-1

[Event "*** Qualifier 2: Titled Tuesday 3|2 Blitz"]
[Site "Chess.com"]
[Date "2017.04.11"]
[Round "4"]
[White "ehrenfeld"]
[Black "biostatistician"]
[Result "1-0"]
[WhiteElo "2326"]
[BlackElo "2421"]
[TimeControl "180+2"]
[EndTime "13:50:54 PDT"]
[Termination "ehrenfeld won by resignation"]

1. e4 e6 2. d3 d5 3. Qe2 Nf6 4.
Nf3 Nc6 5. exd5 Nxd5 6. g3 Bc5 7. Bg2 O-O 8. O-O Re8 9. d4 Nxd4 10. Nxd4 Bxd4 11.
Rd1 Qf6 12. c4 Nb4 13. Nc3 Bd7 14. Ne4 Bxf2+ 15. Qxf2 Qxf2+ 16. Kxf2 Bc6 17. Bd2 Nd3+ 18. Kg1 Nxb2 19. Rdc1 Rad8 20. Be3 Rd3 21. Bxa7 b6 22. Nf6+ gxf6 23. Bxc6 Red8 24. a4 Rd2 25. a5 bxa5 26. Rxa5 Nd3 27. Rf1 Ne5 28. Bg2 Nxc4 29. Ra4 Nb6 30.
Rg4+ Kf8 31. Rxf6 Rd1+ 32. Rf1 Rxf1+ 33. Bxf1 Ra8 34. Bxb6 cxb6 35. Rb4 Rb8 36. Kf2 Ke7 37. Ke3 Kd6 38. Bd3 h6 39. Rh4 Rh8 40. Rh5 e5 41.
g4 f6 42. h3 Kc5 43. Rf5 Rf8 44. h4 Rg8 45. Be2 Rf8 46. g5 hxg5 47. hxg5 Kd6 48. Bc4 b5 49. Bb3 Ke7 50. g6 Rc8 51. g7 Rc3+ 52.
Kd2 Rg3 53. g8=Q Rxg8 54. Bxg8 1-0

[Event "*** Qualifier 2: Titled Tuesday 3|2 Blitz"]
[Site "Chess.com"]
[Date "2017.04.11"]
[Round "4"]
[White "Sebastian"]
[Black "GMHess"]
[Result "0-1"]
[WhiteElo "2693"]
[BlackElo "2627"]
[TimeControl "180+2"]
[EndTime "13:50:56 PDT"]
[Termination "GMHess won by resignation"]

1. e4 e5 2. Nf3 Nc6 3. Bb5 a6 4.
Ba4 Nf6 5. O-O Nxe4 6. d4 b5 7. Bb3 d5 8. dxe5 Be6 9. c3 Be7 10. Re1 O-O 11. Nd4 Nxd4 12. cxd4 Bb4 13. Re2 Qh4 14. a3 Ba5 15. Be3 Rfd8 16. f3 Ng5 17.
Nd2 c5 18. Nf1 cxd4 19. Bxd4 Bc8 20. Rc1 Ne6 21. Bf2 Qe7 22. Ng3 Nf4 23. Re3 Bb6 24.
Re1 Bxf2+ 25. Kxf2 Be6 26. Qd4 Qg5 27. Kg1 h5 28. Rc2 h4 29. Nf1 Rac8 30. Rd2 Bh3 31. Ne3 Ne6 32. Qb6 d4 33. Nf1 Nf4 34. g3 Bxf1 35.
Kxf1 hxg3 36. e6 g2+ 37. Kf2 Nh3+ 38. Ke2 Qe3+ 39. Kd1 Qxe1+ 40. Kxe1 g1=Q+ 0-1

[Event "*** Qualifier 2: Titled Tuesday 3|2 Blitz"]
[Site "Chess.com"]
[Date "2017.04.11"]
[Round "4"]
[White "chessking2151"]
[Black "Iball95"]
[Result "0-1"]
[WhiteElo "2347"]
[BlackElo "2539"]
[TimeControl "180+2"]
[EndTime "13:50:57 PDT"]
[Termination "Iball95 won by resignation"]

1. e4 c6 2. d4 d5 3. Nd2 dxe4 4.
Nxe4 Bf5 5. Ng3 Bg6 6. Nf3 Nd7 7. Bd3 Ngf6 8. O-O e6 9. c4 Bd6 10. Re1 O-O 11. Bg5 Qc7 12. Bxg6 hxg6 13. Qe2 Rfe8 14. Ne5 c5 15. Nxd7 Nxd7 16. d5 Nf8 17. Rad1 exd5 18. Qxe8 Rxe8 19. Rxe8 d4 20. Ne4 Kh7 21. g3 Ne6 22. Nxd6 Qxd6 23. Bd2 Qd7 24. Ra8 b6 25. Re1 Qb7 26. Re8 Qd7 27. Ra8 g5 28.
Re5 Qb7 29. Re8 Qd7 30. Ra8 Qa4 31. a3 d3 32. Bc3 Qd1+ 33. Re1 Qc2 34. Rxa7 d2 35.
Bxd2 Qxd2 36. Re5 Nd4 37. Rxf7 Qd3 38. Ree7 Nf5 39. Rd7 Qb1+ 40. Kg2 Qe4+ 41. Kg1 g4 42. Rd5 Nd4 43. Rg5 Nf3+ 0-1

[Event "*** Qualifier 2: Titled Tuesday 3|2 Blitz"]
[Site "Chess.com"]
[Date "2017.04.11"]
[Round "4"]
[White "pedromartinez91"]
[Black "Aygehovit1992"]
[Result "1-0"]
[WhiteElo "2326"]
[BlackElo "2419"]
[TimeControl "180+2"]
[EndTime "13:51:02 PDT"]
[Termination "pedromartinez91 won by resignation"]

1. Nf3 g6 2. c4 Bg7 3. Nc3 d6 4.
d4 f5 5. e4 fxe4 6. Nxe4 Nf6 7. Nxf6+ exf6 8. Qe2+ Kf7 9. Be3 Re8 10. Qd2 Nc6 11.
Be2 Bf5 12. O-O Kg8 13. d5 Ne5 14. Nd4 Bd7 15. h3 c5 16. dxc6 bxc6 17. f4 Nf7 18. Bf3 Qc7 19. Rad1 Rab8 20. b3 a6 21. Rfe1 Bh6 22.
f5 Rxe3 23. Rxe3 Ne5 24. Be4 Re8 25. Qe1 Bxe3+ 26. Qxe3 Kg7 27. Qf2 Re7 28. Bb1 d5 29. fxg6 hxg6 30. Rf1 Rf7 31. cxd5 cxd5 32. Rd1 Qd6 33.
Qg3 Qc5 34. Kh2 a5 35. Bf5 Qc7 36. Bxd7 Qxd7 37. Rf1 Kf8 38. Qh4 Qd6 39. Kh1 Kg8 40.
Qg3 Qb6 41. Nf5 Rh7 42. Nh4 Kg7 43. Nf5+ Kg8 44. Ne3 Qd6 45. Ng4 Rf7 46. Nh6+ Kg7 47. Nf5+ 1-0

[Event "*** Qualifier 2: Titled Tuesday 3|2 Blitz"]
[Site "Chess.com"]
[Date "2017.04.11"]
[Round "4"]
[White "MyleneFarmer"]
[Black "ChristopherYoo"]
[Result "1-0"]
[WhiteElo "2309"]
[BlackElo "2259"]
[TimeControl "180+2"]
[EndTime "13:51:07 PDT"]
[Termination "MyleneFarmer won by resignation"]

1. f3 e5 2. Nh3 d5 3. Nf2 Nf6 4. g3 Nc6 5. Bg2 Bc5 6. e3 O-O 7. d3 Be6 8. c3 d4 9. cxd4 exd4 10. e4 Qd7 11. O-O Ne8 12. a3 a5 13. f4 f5 14. e5 a4 15. Nd2 Na5 16. Nf3 Nb3 17.
Rb1 Ra6 18. Ng5 Rb6 19. Nfh3 h6 20. Nxe6 Qxe6 21. Qf3 c6 22. Nf2 Nc7 23. Bh3 Nd5 24. Ne4 Be7 25. Nd2 Ne3 26. Nxb3 Nxf1 27. Nxd4 Qa2 28. Nxf5 Qxb1 29. Qxf1 Bc5+ 30. d4 Rxf5 31. dxc5 Rb3 32. Qc4+ Kh7 33. Kf2 Rf8 34. Bg2 Rd8 35.
Be4+ Qxe4 36. Qxe4+ Kh8 37. e6 Re8 38. f5 Rb4 1-0

[Event "*** Qualifier 2: Titled Tuesday 3|2 Blitz"]
[Site "Chess.com"]
[Date "2017.04.11"]
[Round "4"]
[White "nickmatta"]
[Black "Tolya2"]
[Result "0-1"]
[WhiteElo "2291"]
[BlackElo "2324"]
[TimeControl "180+2"]
[EndTime "13:51:09 PDT"]
[Termination "Tolya2 won by resignation"]

1. d4 d5 2. c4 dxc4 3. Nf3 a6 4.
e3 Nf6 5. Bxc4 e6 6. O-O c5 7. dxc5 Qxd1 8. Rxd1 Bxc5 9. Be2 O-O 10. b3 b6 11. Bb2 Bb7 12. Ne5 Nc6 13. Nd3 Be7 14. Nd2 Rac8 15. Bf3 Na5 16. Rac1 Bxf3 17. Nxf3 Nc6 18. Kf1 Rfd8 19. Nd4 Nxd4 20. Bxd4 b5 21. Ke2 Ba3 22. Rxc8 Rxc8 23. b4 Ne4 24. Rb1 Rc2+ 25. Kd1 Rxa2 26. Rb3 f6 27. f3 Nd6 28. Nc5 Kf7 29. Nxa6 Bb2 30. Rxb2 Rxa6 31. Ke2 Nc4 32. Rc2 Ra3 33. Bc5 e5 34. e4 Ke6 35. Kf2 g5 36.
Rc1 Ra2+ 37. Kg3 h5 38. h3 h4+ 39. Kh2 Nd2 40. Kh1 Nc4 41. Rd1 Nd2 42. Be3 Nc4 43.
Bc5 Nb2 44. Rd6+ Kf7 45. Rb6 Nd3 46. Rxb5 Ne1 47. Rb7+ Kg6 48. b5 Nxg2 49. b6 Ne1 50.
Bg1 Nxf3 51. Rc7 Ra1 52. Kg2 Nxg1 53. b7 Rb1 54. b8=Q Rxb8 55. Kxg1 Rb4 56. Kg2 Rxe4 57. Ra7 Rb4 58. Ra6 Kf5 59. Rd6 e4 60. Rd5+ Kf4 61.
Ra5 0-1

[Event "*** Qualifier 2: Titled Tuesday 3|2 Blitz"]
[Site "Chess.com"]
[Date "2017.04.11"]
[Round "4"]
[White "oskariot"]
[Black "Alexander_Donchenko"]
[Result "0-1"]
[WhiteElo "2408"]
[BlackElo "2588"]
[TimeControl "180+2"]
[EndTime "13:51:13 PDT"]
[Termination "Alexander_Donchenko won by resignation"]

1. c4 Nf6 2. g3 e6 3. Nf3 a6 4.
Bg2 b5 5. Nd4 c6 6. cxb5 axb5 7.
O-O d5 8. d3 Qb6 9. Nf3 Be7 10.
d4 O-O 11. Nbd2 Nbd7 12. Nb3 Ne4 13. Nfd2 Nd6 14. Qc2 Nc4 15. Nf3 Bb7 16. Bf4 Ra4 17. Nbd2 Ra7 18. b3 Nd6 19. Rfc1 Rfa8 20. e3 h6 21. h4 Rc8 22. Ne5 Nxe5 23. Bxe5 b4 24.
Nf3 Ne4 25. Ne1 Nc3 26. a4 c5 27. dxc5 Bxc5 28. Qd2 Ba6 29. Bf3 Be7 30. Bd4 Bc5 31. Be5 Rd7 32. a5 Qa7 33. Bxc3 bxc3 34. Qxc3 Rdc7 35. Qd2 Qb7 36. Nd3 Qxb3 37. Nxc5 Rxc5 38.
Rxc5 Rxc5 39. Qd4 Rc2 40. Qb6 Qc3 41. Rb1 Qd2 42. e4 d4 43. Rd1 Qxf2+ 0-1

[Event "*** Qualifier 2: Titled Tuesday 3|2 Blitz"]
[Site "Chess.com"]
[Date "2017.04.11"]
[Round "4"]
[White "MattyDPerrine"]
[Black "Vamostodorecto"]
[Result "1-0"]
[WhiteElo "2278"]
[BlackElo "2330"]
[TimeControl "180+2"]
[EndTime "13:51:18 PDT"]
[Termination "MattyDPerrine won by resignation"]

1. Nf3 d5 2. g3 Nc6 3. d4 Bg4 4.
Bg2 Qd7 5. h3 Bxf3 6. Bxf3 O-O-O 7. Bg2 h5 8. h4 e6 9. c3 f6 10.
Nd2 g5 11. e4 gxh4 12. exd5 exd5 13. Qf3 Kb8 14. Rxh4 Re8+ 15. Kd1 Qe6 16. Nb3 Qe1+ 17. Kc2 Re2+ 18. Bd2 Rxd2+ 19. Nxd2 Qxa1 20. Qxd5 Nge7 21. Qf7 Bh6 22. Qxf6 Rc8 23. Qxh6 Qxa2 24. Rxh5 Qa4+ 25. Nb3 Qc4 26. Qe3 Nb4+ 27. Kc1 Ned5 28. Bxd5 Nxd5 29. Qe6 c6 30. Nd2 Qa2 31. Qe5+ Ka8 32. Rh8 Qa1+ 33. Kc2 Nb6 34. Rxc8+ Nxc8 35. Qc7 Qa4+ 36. Kc1 Qa1+ 37. Nb1 a6 38. Qxc8+ Ka7 39. Qf8 Qa4 40. Qc5+ Kb8 41.
Nd2 Qa1+ 42. Kc2 Qg1 43. Qe5+ Ka7 44. Qf4 Qg2 45. g4 Qd5 46. g5 a5 47. Qe5 1-0

[Event "*** Qualifier 2: Titled Tuesday 3|2 Blitz"]
[Site "Chess.com"]
[Date "2017.04.11"]
[Round "4"]
[White "nonscitis"]
[Black "XiaoKangZhong"]
[Result "0-1"]
[WhiteElo "2342"]
[BlackElo "1941"]
[TimeControl "180+2"]
[EndTime "13:51:20 PDT"]
[Termination "XiaoKangZhong won on time"]

1. e4 c5 2. Nf3 d6 3. d4 cxd4 4.
Nxd4 Nf6 5. Nc3 a6 6. Bc4 e6 7.
Bb3 Be7 8. Be3 Qc7 9. Qe2 Nc6 10. O-O-O b5 11. Rhg1 b4 12. Na4 O-O 13. f3 Bd7 14.
Nxc6 Bxc6 15. g4 Bb5 16. Qd2 Nd7 17. Qd4 Ne5 18. Qxb4 Nxf3 19. Rg3 d5 20. Bc5 Bxc5 21. Qxc5 Qf4+ 22. Kb1 Nxh2 23. Qg1 Nf3 24. Qf2 dxe4 25. Nc3 Rad8 26. Rg2 Rxd1+ 27. Nxd1 Rd8 28. c3 Bd3+ 29. Bc2 Bxc2+ 30. Qxc2 Ne1 31. Rf2 Qxg4 32. Ne3 Qg1 33. Qe2 Nd3+ 34. Rf1 Qg5 35. Nc4 Qd5 36. b3 Ne5 37.
Re1 Nxc4 38. bxc4 Qd3+ 39. Kb2 Qxe2+ 40. Rxe2 f5 41. Kb3 g5 42. c5 h5 43. Kc4 h4 44.
c6 Kf7 45. Kc5 g4 46. c7 Rc8 47. Kd6 g3 48. Kd7 Rxc7+ 49. Kxc7 h3 50. Kd6 g2 51.
Re1 h2 52. Rb1 g1=Q 53. Rb7+ Kf6 0-1